 Dungeon Crawl Stone Soup version 0.32-a0-484-g2eb335deba (webtiles) character file.

Game seed: 13028047398247051816

4 mopl the Apothecary (level 1, -8/11 HPs)
             Began as an Octopode Alchemist on Feb 26, 2024.
             Smitten by Beogh (19 damage)
             ... on level 1 of the Dungeon.
             The game lasted 00:00:42 (105 turns).

mopl the Apothecary (Octopode Alchemist)             Turns: 105, Time: 00:00:42

Health: -8/11      AC:  1    Str:  7    XL:     1   Next: 70%
Magic:  3/3        EV: 13    Int: 17    God:
Gold:   0          SH:  0    Dex: 12    Spells: 3/4 levels left

rFire   . . .        (no weapon)
rCold   . . .        (no shield)
rNeg    . . .        (helmet restricted)
rPois   .            (no amulet)
rElec   .            (no ring)
rCorr   .            (no ring)
SInv    .            (no ring)
Will    .....        (no ring)
Stlth   +++          (no ring)
HPRegen 0.21/turn    (no ring)
MPRegen 0.08/turn    (no ring)
                     (no ring)

%: no passive effects
@: no status effects
A: almost no armour, amphibious, 8 rings, camouflage 1, gelatinous body 1,
(nimble swimmer 1), tentacles
a: no special abilities


You were on level 1 of the Dungeon.
You visited 1 branch of the dungeon, and saw 1 of its levels.

Inventory:

Scrolls
 b - a scroll of immolation {unknown}
Potions
 a - a potion of magic


   Skills:
 - Level 2.0 Dodging
 - Level 2.6 Stealth
 + Level 2.1 Spellcasting
 + Level 1.2 Conjurations
 + Level 3.4 Alchemy


You had 3 spell levels left.
You knew the following spells:

 Your Spells              Type           Power      Damage    Failure   Level
a - Sting                 Conj/Alch      36%        1d5       8%          1

Your spell library contained the following spells:

 Spells                   Type           Power      Damage    Failure   Level
 Mercury Vapours          Alch/Air       14%        N/A       14%         2
 Mephitic Cloud           Conj/Alch/Air  7%         N/A       30%         3
 Olgreb's Toxic Radiance  Alch           13%        N/A       43%         4
 Sticky Flame             Fire/Alch      7%         2d4       67%         4


Dungeon Overview and Level Annotations

Branches:
Dungeon (1/15)

Altars:
Beogh


Innate Abilities, Weirdness & Mutations

You cannot wear most types of armour.
You are amphibious.
You can wear up to eight rings at the same time.
Your skin changes colour to match your surroundings (Stealth+).
Your rubbery body absorbs attacks. (AC +1, EV +1)
((You are camouflaged when in or above water. (Stealth+)))
You have tentacles for arms and can constrict up to eight enemies at once.


Message History

There is a huge open gate here.
There is a huge open gate here.
There is a huge open gate here.
There is a huge open gate here.
There is a huge open gate here.
b - a scroll labelled AFEACS LOSM
There is a huge open gate here.
There is a huge open gate here.
There is a faded altar of an unknown god here.
This altar belongs to (a) Beogh, (b) Makhleb or (c) Vehumet, but you can't tell which.
Press the corresponding letter to learn more about a god, or press enter to convert or escape to cancel.
Beogh accepts your prayer! Beogh welcomes you!
You have lost your religion!
Beogh does not appreciate desertion!
Beogh's voice booms out: Traitor to your kin!
All of your followers decide to abandon you.
Unknown command.
Press < or > to pray at altars.
You are not religious.
You are not religious.
There is a huge open gate here.
There is a huge open gate here.
You open the door.
A rat comes into view.
There is an open door here.
A rat is nearby!
The helpless rat fails to defend itself.
You tentacle-slap the rat. Your grab misses the rat.
The rat is heavily wounded.
The rat bites you.
You tentacle-slap the rat.
You kill the rat!
No target in view!
No target in view!
A hobgoblin comes into view.
A hobgoblin is nearby!
The hobgoblin shouts!
Beogh smites you!
Ouch! That really hurt!
You die...
PPP...PPP.PPP# PP.PPP.PP.PPP# P.PP.PP.PP.PP# ### .PP.P.PP.P.PP# #.. .P.PPP.P.P.PP# #.# .PP.P.PP.P.PP# ...
P.PP.PP.PP.PP# #g# P..PPP.PP.PPP# #.# ......PPP.PPP# #@# ...PPPP..PPPP# #.# P....).PPPPPP# #.# PPPP.PPPPPPPP#

#.# ###..######### #.#
............. #.# #########
...#############.#####........
.............#.......'........
.....#######.#.#.#####........


You could see a hobgoblin.

Vanquished Creatures
  A dart slug (D:1)
  A frilled lizard (D:1)
  A kobold (D:1)
  A rat (D:1)
4 creatures vanquished.

Notes
Turn   | Place    | Note
-------+----------+-------------------------------------------
     0 | D:1      | mopl the Octopode Alchemist began the quest for the Orb.
     0 | D:1      | Reached XP level 1. HP: 11/11 MP: 3/3
    66 | D:1      | Found a faded altar of an unknown god.
    79 | D:1      | Prayed at the altar of an unknown god.
    79 | D:1      | Became a worshipper of Beogh the Shepherd
    79 | D:1      | Reached * piety under Beogh
    80 | D:1      | Fell from the grace of Beogh
   105 | D:1      | Smitten by Beogh

Illustrated notes

Levels and vault maps discovered:
D:1:      roderic_crop_circles_arrival_small, layout_basic,
          hellmonk_ecumenical_altar_heavens_door, serial_shops, shop,
          minmay_misc_feat_four_crosses, nrook_uturn

Action                     || total
---------------------------++-------
  Melee: Unarmed           ||    13
         Constrict         ||     6
         Tentacles         ||     5
   Cast: Sting             ||     2
 Invoke: Renounce Religion ||     1
   Stab: Sleeping          ||     1
 Armour: Skin              ||     2
  Dodge: Dodged            ||     4

Table legend: (Time is in decaauts)
 A = Elapsed time spent in this place.
 B = Non-inter-level travel time spent in this place.
 C = Inter-level travel time spent in this place.
 D = Time resting spent in this place.
 E = Time spent auto-exploring this place.
 F = Levels seen in this place.
 G = Mean time per level.
                   A        B        C        D        E       F      G
               +--------+--------+--------+--------+--------+-----+--------+
         Total |    105 |    105 |      0 |      0 |     57 |   1 |  105.0 |
       Dungeon |    105 |    105 |      0 |      0 |     57 |   1 |  105.0 |
               +--------+--------+--------+--------+--------+-----+--------+

Top non-repeatable levels by time:
     D:1: 105 daAuts
